Cogmind - Beta 16 @@@ ROGUE MODE // 2026.01.20 @ 21:07:05 Player: shapeshifter Result: Destroyed by VL-UJ8(R) with Subdweller Machine Gun Performance ------------- Evolutions (0) 0 Regions Visited (3) 600 Robots Destroyed (23) 115 Value Destroyed (396) 396 Prototype IDs (0) 0 Alien Tech Used (0) 0 Bonus (-160) -160 TOTAL SCORE: 951 Bonus ------- Friendly Fire -160 Cogmind --------- Core Integrity 0/250 Matter 241/300 Energy 91/100 System Corruption 0% Temperature Cool (0) Movement Rolling (110) Ox2 Location -10/Subcaves Parts ------- > --- POWER (1) -------- (None) > --- PROPULSION (2) --- Wheel > --- UTILITY (2) ------ Large Storage Unit > --- WEAPON (2) ------- Small Laser Light Assault Rifle > --- INVENTORY (15) --- High-capacity Storage Unit Structural Scanner Tractor Beam Small Laser Light EM Pulse Cannon Light EM Pulse Cannon Light EM Pulse Cannon Mini Grenade Launcher Mini Grenade Launcher Peak State ------------ > --- POWER ------------ Ion Engine > --- PROPULSION ------- Light Treads Light Treads > --- UTILITY ---------- Large Storage Unit Seismic Detector > --- WEAPON ----------- Light EM Pulse Cannon Light EM Pulse Cannon > --- INVENTORY -------- Light Ion Engine Wheel Wheel High-capacity Storage Unit Structural Scanner Tractor Beam Small Laser Small Laser Light EM Pulse Cannon Light EM Pulse Cannon Light Assault Rifle Mini Grenade Launcher Mini Grenade Launcher [Rating: 10] Favorites ----------- Power Ion Engine Engine Ion Engine Propulsion Light Treads Treads Light Treads Wheel Wheel Utility Seismic Detector Device Seismic Detector Storage Large Storage Unit Weapon Small Laser Energy Gun Small Laser Energy Cannon Light EM Pulse Cannon Ballistic Gun Light Assault Rifle Build | -11 -10 -10 -10 ------- Run | Yrd Mat Min Sub Slots Evolved . | . . . . Power . | . . . . Propulsion . | . . . . Utility . | . . . . Weapon . | . . . . Parts Attached 16 | 7 2 5 2 Power 2 | 1 . 1 . Engine 2 | 1 . 1 . Core . | . . . . Reactor . | . . . . Propulsion 4 | 2 . 1 1 Treads 2 | 2 . . . Leg . | . . . . Wheel 2 | . . 1 1 Hover . | . . . . Flight . | . . . . Utility 4 | 2 2 . . Device 1 | 1 . . . Storage 3 | 1 2 . . Processor . | . . . . Hackware . | . . . . Protection . | . . . . Artifact . | . . . . Weapon 6 | 2 . 3 1 Energy Gun 2 | 1 . 1 . Energy Cannon 3 | . . 2 1 Ballistic Gun 1 | 1 . . . Ballistic Cannon . | . . . . Launcher . | . . . . Special Weapon . | . . . . Impact Weapon . | . . . . Slashing Weapon . | . . . . Piercing Weapon . | . . . . Special Melee Weapon . | . . . . Unidentified Prototypes . | . . . . Parts Lost 6 | . . 4 2 Power 2 | . . 2 . Propulsion 2 | . . 1 1 Utility 1 | . . . 1 Weapon 1 | . . 1 . Highest Loss Streak 5 | . . 3 5 To Critical Strikes . | . . . . Average Backups 9 | 3 8 12 9 Power . | . 1 . . Propulsion 1 | 1 2 1 . Utility 2 | . 2 3 3 Weapon 4 | 1 2 7 6 Tool/Special . | . . . . Unused Backups 6 | . . . 6 Power . | . . . . Propulsion . | . . . . Utility 3 | . . . 3 Weapon 3 | . . . 3 Tool/Special . | . . . . Average Slot Usage (%) 97 | . 100 98 68 Engine 12 | . 14 13 . Treads 26 | . 28 27 . Wheel 1 | . . . 21 Device 13 | . 14 14 7 Storage 14 | . 14 14 14 Energy Gun 11 | . 14 7 11 Energy Cannon 5 | . . 13 2 Ballistic Gun 10 | . 14 6 11 Peak Build Rating 10 | 7 8 10 8 Average Rating 7 | 4 7 8 6 On Entrance 5 | . 7 8 6 Avg Prop Armor Cover (%) 13 | . . 13 . Naked Turns . | . . . . Heaviest Build 34 | 13 28 34 26 Greatest Support 40 | 40 40 40 20 Greatest Overweight (x) 2 | . . 2 1 Average Overweight (x) . | . . . 1 Largest Inventory Capacity 15 | 8 15 15 15 Average Capacity 12 | 7 12 15 15 Most Carried 13 | 6 13 13 11 Average Carried 9 | 3 8 12 9 Final Capacity 15 | 8 15 15 15 Final Carried 13 | 5 13 11 9 Class Distribution -------------------- 100% | Mutant Dominant Class ---------------- Mutant | -10/Materials Mutant | -10/Mines Mutant | -10/Subcaves Resources | -11 -10 -10 -10 ----------- Run | Yrd Mat Min Sub Matter Collected 358 | 274 47 37 . Remotely . | . . . . Salvage Created 651 | 87 256 251 57 Parts 39 | 6 20 12 1 Haulers Intercepted . | . . . . Recyclers Shooed . | . . . . Parts Field Recycled . | . . . . Retrieved Matter . | . . . . Parts Self-Destructed . | . . . . Prevented . | . . . . Parts Restored . | . . . . Kills | -11 -10 -10 -10 ------- Run | Yrd Mat Min Sub Combat Hostiles Destroyed 17 | . 10 6 1 Guns 14 | . 10 3 1 Cannons 1 | . . 1 . AOE 1 | . . 1 . Classes Destroyed 9 | 2 4 2 1 Worker 1 | . . 1 . Builder 1 | . 1 . . Tunneler 1 | 1 . . . Recycler 1 | 1 . . . Mechanic 1 | . . 1 . Watcher 1 | . 1 . . Swarmer 9 | . 6 3 . Grunt 6 | . 4 2 . Subdweller 1 | . . . 1 Best Kill Streak 4 | 1 3 4 1 Combat Bots Only 3 | . 3 3 1 Max Kills in Single Turn 2 | 1 1 2 1 Gunslinging 1 | . . 1 . Exploded 1 | . . 1 . Melee . | . . . . Uniques/NPCs Destroyed 1 | . . 1 . YI-UF0 (-10/Mines) Combat | -11 -10 -10 -10 -------- Run | Yrd Mat Min Sub Hostile Shots Fired 119 | . 46 54 19 Missed 47 | . 16 22 9 Hits 72 | . 30 32 10 Projectile 72 | . 30 32 10 AOE 10 | . . 10 . Damage Taken 1050 | . 312 536 202 Core 272 | . 119 70 83 Absorbed by Shields . | . . . . Core Remaining (%) 100 | 100 . . . Volleys Fired 79 | 4 36 20 19 Largest 2 | 2 2 2 2 Hottest 112 | 60 60 112 76 Shots Fired 129 | 8 71 29 21 Gun 113 | 8 71 14 20 Cannon 16 | . . 15 1 Launcher . | . . . . Special . | . . . . Kinetic 65 | 4 36 6 19 Thermal 48 | 4 35 8 1 Explosive . | . . . . Electromagnetic 16 | . . 15 1 Robot Hit Streak 9 | 4 9 5 8 Robot Miss Streak 4 | 1 4 1 1 Penetration Max . | . . . . Secondary Targets 1 | . . 1 . Max Gunslinging Chain 1 | . . 1 . Shots Hit Robots 88 | 6 45 19 18 Core Hits 35 | 4 18 9 4 Critical Kills . | . . . . Critical Parts Destroyed 1 | . 1 . . Critical Strikes 1 | . 1 . . Destroy 1 | . 1 . . Melee Attacks . | . . . . Impact . | . . . . Slashing . | . . . . Piercing . | . . . . Sneak Attacks . | . . . . Combat Hostiles . | . . . . Follow-up Attacks . | . . . . Damage Inflicted 1071 | 59 461 399 152 Guns 743 | 59 461 89 134 Cannons 247 | . . 229 18 Explosions 81 | . . 81 . Melee . | . . . . Ramming . | . . . . Kinetic 352 | 26 178 25 123 Thermal 472 | 33 283 145 11 Explosive . | . . . . Electromagnetic 247 | . . 229 18 Impact . | . . . . Slashing . | . . . . Piercing . | . . . . Highest Corruption . | . . . . Average Corruption . | . . . . Corruption Purged . | . . . . Corruption Blocked . | . . . . Overload Shots . | . . . . Overflow Damage . | . . . . Projectiles . | . . . . Explosions . | . . . . Melee . | . . . . Knockbacks . | . . . . Impact . | . . . . Kinetic . | . . . . Secondary . | . . . . Self-Inflicted Damage . | . . . . Shots . | . . . . Rammed 1 | . 1 . . Targets Rammed 1 | . 1 . . Kicked . | . . . . Crushed . | . . . . Highest Temperature 104 | 20 82 104 . Average Temperature 31 | 13 28 38 . Received Heat Transfer 336 | . 117 165 54 Siege Activations . | . . . . Martial Activations . | . . . . Shielding Activations . | . . . . Robots Disrupted . | . . . . Combat Hostiles . | . . . . Robots Corrupted 1 | . . 1 . Combat Hostiles 1 | . . 1 . Parts Fried 1 | . . 1 . Impact Corruptions . | . . . . Robots Melted . | . . . . Combat Hostiles . | . . . . Parts Melted 2 | . . . 2 Heat Transferred 1075 | 75 625 350 25 Parts Sabotaged . | . . . . Parts Stolen . | . . . . Parts Stripped . | . . . . Power Chain Reactions 1 | . . 1 . Alert | -11 -10 -10 -10 ------- Run | Yrd Mat Min Sub Maximum Alert Level . | . . . . Low Security (%) 100 | 100 100 100 . Level 1 . | . . . . Level 2 . | . . . . Level 3 . | . . . . Level 4 . | . . . . Level 5 . | . . . . High Security . | . . . . Max Security . | . . . . Peak Influence 107 | 5 107 94 . Initial 24 | . . 24 . Average 39 | . 56 28 . Influence Increases 473 | 10 307 156 . Destroy 0b10 Robot/C 300 | . 200 100 . Destroy 0b10 Robot/NC 30 | 10 10 10 . Destroy Leader 62 | . 52 10 . Destroy Structure 6 | . . 6 . Lose Combat Pursuer 75 | . 45 30 . Influence Decreases 473 | 10 244 201 18 Entered New Map 49 | . . 39 10 Time Decay 394 | 10 244 132 8 Lost Part 30 | . . 30 . Squads Dispatched 4 | . 3 1 . Investigation 1 | . 1 . . Extermination . | . . . . Reinforcement 2 | . 2 . . Assault 1 | . . 1 . Garrison . | . . . . Intercept . | . . . . Searches Triggered . | . . . . Construction Impeded . | . . . . Haulers Reinforced . | . . . . Active Scanning Responses . | . . . . Cargo Convoy Interrupts . | . . . . Stealth | -11 -10 -10 -10 --------- Run | Yrd Mat Min Sub Distress Signals 3 | . 3 . . Communications Jammed . | . . . . Distress Signals . | . . . . Times Spotted 32 | . 19 11 2 Peak Tracking Total 4 | . 4 3 2 Tactical Retreats 4 | . 2 2 . Traps | -11 -10 -10 -10 ------- Run | Yrd Mat Min Sub Traps Triggered 1 | . 1 . . Indirectly . | . . . . Trap Hack Attempts . | . . . . Triggered . | . . . . Disarmed . | . . . . Reprogrammed . | . . . . Reused . | . . . . Traps Extracted . | . . . . Installed . | . . . . Triggered . | . . . . Machines | -11 -10 -10 -10 ---------- Run | Yrd Mat Min Sub Machines Disabled . | . . . . Max in Single Turn . | . . . . Machines Repaired . | . . . . Machines Dismantled . | . . . . Machines Sabotaged . | . . . . Overloaded Fab Kills . | . . . . Hacking | -11 -10 -10 -10 --------- Run | Yrd Mat Min Sub Machines Accessed 2 | . 2 . . Terminals 2 | . 2 . . Fabricators . | . . . . Repair Stations . | . . . . Recycling Units . | . . . . Scanalyzers . | . . . . Garrison Access . | . . . . Total Hacks 4 | . 4 . . Successful 1 | . 1 . . Failed 3 | . 3 . . Catastrophic . | . . . . Database Lockouts . | . . . . Manual 4 | . 4 . . Terminals 4 | . 4 . . Fabricators . | . . . . Repair Stations . | . . . . Recycling Units . | . . . . Scanalyzers . | . . . . Garrison Access . | . . . . Terminal Hacks . | . . . . Fabricator Hacks . | . . . . Repair Station Hacks . | . . . . Recycling Unit Hacks . | . . . . Scanalyzer . | . . . . Garrison Access Hacks . | . . . . Unauthorized Hacks 1 | . 1 . . Terminals 1 | . 1 . . Skim 1 | . 1 . . Fabricators . | . . . . Repair Stations . | . . . . Recycling Units . | . . . . Scanalyzers . | . . . . Garrison Access . | . . . . Data Cores Recovered . | . . . . Used . | . . . . Hacking Detections 2 | . 2 . . Full Trace Events . | . . . . Feedback Events . | . . . . Feedback Blocked . | . . . . Robot Schematics Acquired . | . . . . Robots Built . | . . . . Authchips . | . . . . Time . | . . . . Total Robot Build Rating . | . . . . Part Schematics Acquired . | . . . . Parts Built . | . . . . Authchips . | . . . . Time . | . . . . Total Part Build Rating . | . . . . Part Studies Acquired . | . . . . Parts Repaired . | . . . . Time . | . . . . Parts Recycled . | . . . . Recycled Matter . | . . . . Retrieved Matter . | . . . . Retrieved Components . | . . . . Parts Scanalyzed . | . . . . Part Schematics Acquired . | . . . . Parts Damaged . | . . . . Bothacking | -11 -10 -10 -10 ------------ Run | Yrd Mat Min Sub Used RIF Installer . | . . . . Robots Hacked . | . . . . Non-combat . | . . . . Combat . | . . . . Robot Hacks Applied . | . . . . Relay Couplers Released . | . . . . Fabnet Peak Effective % . | . . . . Robots Rewired . | . . . . Allies Hacked . | . . . . Hacks Repelled . | . . . . Allies | -11 -10 -10 -10 -------- Run | Yrd Mat Min Sub Total Allies 1 | . . 1 . Largest Group 1 | . . 1 . Highest-Rated Group 31 | . . 31 . Highest-Rated Ally 31 | . . 31 . Total Orders . | . . . . Ally Attacks 4 | . . 4 . Total Damage 44 | . . 44 . Kills . | . . . . Allies Corrupted . | . . . . Allies Melted . | . . . . Intel | -11 -10 -10 -10 ------- Run | Yrd Mat Min Sub Active Infowar (turns) 981 | 21 558 380 22 Seismic 981 | 21 558 380 22 Robot Analysis Total . | . . . . Derelict Logs Recovered . | . . . . Drone Launches . | . . . . Drone Recoveries . | . . . . Exploration | -11 -10 -10 -10 ------------- Run | Yrd Mat Min Sub Turns Passed 1140 | 118 558 416 48 Spaces Moved 509 | 71 263 169 6 Core 22 | 22 . . . Treads 472 | 49 263 160 . Legs . | . . . . Wheels 15 | . . 9 6 Hover . | . . . . Flight . | . . . . Fastest Speed 50 | 50 160 110 95 Average Speed 153 | 125 160 157 95 Slowest Speed 160 | 160 160 160 95 Overloaded Moves . | . . . . Propulsion Burnouts . | . . . . Robots Hopped . | . . . . Potential Cave-ins . | . . . . Cave-ins Triggered . | . . . . Exploration Rate (%) 25 | 5 70 27 1 Regions Visited 3 Branch Regions 2 Pre-discovered Areas . | . . . . Known Exits Taken . | . . . . Unknown Exits Taken 3 | 1 1 1 . Scrap Searched 1 | . . 1 . Spaces Dug . | . . . . Terrain Destroyed 6 | . . 6 . Melee . | . . . . Projectile . | . . . . AOE 6 | . . 6 . Terrain Rammed . | . . . . Walls Destroyed . | . . . . Machines Disabled . | . . . . Actions | -11 -10 -10 -10 --------- Run | Yrd Mat Min Sub Total 751 | 93 336 289 33 Wait 122 | . 23 96 3 Move 506 | 70 262 168 6 Hop . | . . . . Pick Up 22 | 12 10 . . Fast Attach . | . . . . Attach 11 | 7 . 2 2 Detach . | . . . . Swap 7 | . 2 3 2 Drop 3 | . 2 . 1 Fire 79 | 4 36 20 19 Melee . | . . . . Ram . | . . . . Kick . | . . . . Crush 1 | . 1 . . Escape Stasis . | . . . . Rewire . | . . . . Trap . | . . . . Miscellaneous . | . . . . Route ------- -11/Scrapyard -10/Materials (discovered 2 exits: [*Mat] / [*Min]) -10/Mines (discovered 2 exits: [*Mat] / [*Sub]) -10/Subcaves History --------- Turn | Location | Event 2 | -11/Scrapyard | Met Revision 17 3 | -11/Scrapyard | Discovered new exit (range 15) 119 | -11/Scrapyard | Entered Materials 317 | -10/Materials | Build established: Mutant 447 | -10/Materials | Discovered new exit (range 10) 663 | -10/Materials | Discovered new exit (range 7) 677 | -10/Materials | Entered Mines 712 | -10/Mines | Met a Derelict bent on vengeance 725 | -10/Mines | Core integrity fell below 50% 766 | -10/Mines | Discovered new exit (range 15) 788 | -10/Mines | Met a Derelict testing a Signal Generator 847 | -10/Mines | YI-UF0 nonchalantly dropped a Grenade Launcher on the ground 975 | -10/Mines | Destroyed YI-UF0 1063 | -10/Mines | Discovered new exit (range 9) 1093 | -10/Mines | Entered Subcaves 1094 | -10/Subcaves | Approached by a straggling Scientist 1114 | -10/Subcaves | Core integrity fell below 20% 1141 | -10/Subcaves | Destroyed by VL-UJ8(R) with Subdweller Machine Gun Last Messages --------------- LOCATION=UNKNOWN AMBIENT_HEAT=-10 GOAL=ESCAPE 01093_ Dropped Lgt. Treads. 01094_ FH-LTA(c): "Thank the algorithms! I was beginning to lose hope I'd never make it past all the Subs lurking out here." 01094_ Subatomizers dissect the Lgt. Treads. 01097_ FH-LTA(c): "Hey, let me tag along and I can get us both out of this nasty situation. At least I think I can... The group I got separated from was talking about a shortcut back to the UFD." 01108_ Subatomizers dissect the Lgt. Treads, destroying it. 01117_ Seismic Detector destroyed. 01127_ Wheel destroyed. 01136_ Sub. Laser melted. 01136_ Disposable Heat Sink melted. 01136_ D8-2S3(R) destroyed. Map ----- +----------------------------------------------------+ | ?????????????????????????????????????????????????? | | ?????????????????????????????????????????????????? | | ?????????????????????????????????????????????????? | | ?????????????????????????????????????????????????? | | ?????????????????????????????????????????????????? | | ?????????????????????????????????????????????????? | | ?????????????????????????????????????????????????? | | ?????????????????????????????????????????????????? | | ?????????????????????????????????????????????????? | | ?????????????????????????????????????????????????? | | ?????????????????????????????????????????????????? | | ??????????????????????##?????????????????????????? | | ??????????????????????# ###??????????????????????? | | ??????????????????????# ####???????????????????? | | ??????????????????????# ##??????????????????? | | ??????????????????????# ???????????????????? | | ??????????????????????# ????????????????????? | | ?????????????????????## ?????????????????????? | | ????????????????????## #??????????????????????? | | ????????????????????# #??????????????????????? | | ????????????????????## #??????????????????????? | | ?????????????????????## R##??????????????????????? | | ??????????????????????# ##??????????????????????? | | ??????????????????????## ###??????#?????????????? | | ??????????????????????# #* #?????????????? | | ??????????????????????## @ &%& c ????????? | | ???????????????????????# ### #??????????? | | ???????????????????????#####???? ##??????????? | | ?????????????????????????????????? ##???????????? | | ????????????????????????????????????#????????????? | | ?????????????????????????????????????????????????? | | ?????????????????????????????????????????????????? | | ?????????????????????????????????????????????????? | | ?????????????????????????????????????????????????? | | ?????????????????????????????????????????????????? | | ?????????????????????????????????????????????????? | | ?????????????????????????????????????????????????? | | ?????????????????????????????????????????????????? | | ?????????????????????????????????????????????????? | | ?????????????????????????????????????????????????? | | ?????????????????????????????????????????????????? | | ?????????????????????????????????????????????????? | | ?????????????????????????????????????????????????? | | ?????????????????????????????????????????????????? | | ?????????????????????????????????????????????????? | | ?????????????????????????????????????????????????? | | ?????????????????????????????????????????????????? | | ?????????????????????????????????????????????????? | | ?????????????????????????????????????????????????? | | ?????????????????????????????????????????????????? | +----------------------------------------------------+ Best States ------------- Heat Dissipation 25 Energy Generation 10 Energy Capacity 250 Matter Stores 300 Matter Capacity 300 Sight Range 16 Terrain Scan Density 10 Evasion (%) 50 Recoil Reduction 2 Item Schematics ----------------- None Robot Schematics ------------------ None Fabricated ------------ Nothing Repaired ---------- Nothing Studied --------- None Alien Tech Used ----------------- None Achievements -------------- None Challenges ------------ None Game ------ Seed NeutrinoDisruptionBoregun Manual? 0 Play Time 00:07:34 Cumulative 643.2 hours Start 2026.01.20 @ 09:45:54 End 2026.01.20 @ 21:07:05 Sessions 2 Manual Loads 0 Difficulty Rogue Special Mode None Game No. 814 Rogue 814 Adventurer 0 Explorer 0 Win Type - Total 24 Types 11/1/3/3/2/0/2/2/0/0 Lore% 96 Gallery% 92 Achievement% 80 Wizard Run 0 Options --------- Layout 2 ASCII 0 Keyboard 0 Movement Mouse Keybinds 0 Fullscreen 2 Font 24/Tamsyn Map View 50x49 Zoom Use 0% Tactical HUD 1 Map Filters NONE Filters NONE Steam 1 RUN: df022298-8cc5-4885-9207-f87a956491b9